 Dungeon Crawl Stone Soup version 0.30-a0-29-g142975f185 (webtiles) character file.

Game seed: 4187687726697199324

53 Petya the Grave Robber (level 4, 30/30 HPs)
             Began as a Human Necromancer on Aug 26, 2022.
             Quit the game on level 2 of the Dungeon on Aug 27, 2022.
             The game lasted 00:05:41 (1957 turns).

Petya the Grave Robber (Human Necromancer)          Turns: 1957, Time: 00:05:42

Health: 30/30      AC:  2    Str:  8    XL:     4   Next: 11%
Magic:  5/7        EV: 12    Int: 17    God:
Gold:   126        SH:  0    Dex: 14    Spells: 3/7 levels left

rFire   . . .      SeeInvis .    c - +0 dagger
rCold   . . .      Faith    .    (no shield)
rNeg    . . .      Spirit   .    a - +0 robe
rPois   .          Reflect  .    (no helmet)
rElec   .          Harm     .    (no cloak)
rCorr   .          Rampage  .    (no gloves)
Will    .....                    (no boots)
Stlth   ++........               (no amulet)
HPRegen 0.10/turn                (no ring)
MPRegen 0.10/turn                (no ring)

@: no status effects
A: no striking features
a: no special abilities


You were on level 2 of the Dungeon.
You visited 1 branch of the dungeon, and saw 2 of its levels.

You collected 126 gold pieces.

Inventory:

Hand Weapons
 c - a +0 dagger (weapon)
Armour
 a - a +0 robe (worn)
Scrolls
 e - a scroll of silence {unknown}
 f - a scroll of immolation {unknown}
 g - 2 scrolls of torment {unknown}
 h - 3 scrolls of identify {unknown}
 j - a scroll of amnesia {unknown}
 k - 3 scrolls of teleportation {unknown}
Potions
 b - a potion of magic
 d - a potion of degeneration {unknown}
 i - a potion of might {unknown}
 l - a potion of invisibility {unknown}
 m - 2 potions of haste {unknown}


   Skills:
 - Level 2.2 Dodging
 - Level 2.2 Stealth
 - Level 2.2 Spellcasting
 + Level 5.0 Necromancy


You had 3 spell levels left.
You knew the following spells:

 Your Spells              Type           Power      Damage    Failure   Level
a - Necrotise             Necr           76%        1d7       2%          1
b - Vampiric Draining     Necr           19%        2d7       7%          3

Your spell library contained the following spells:

 Spells                   Type           Power      Damage    Failure   Level
 Animate Dead             Necr           19%        N/A       24%         4
 Agony                    Necr           19%        N/A       54%         5


Dungeon Overview and Level Annotations

Branches:
Dungeon (2/15)

Altars:


Message History

a +0 dagger; a giant cockroach corpse
h - 3 scrolls labelled NEM MU UGUTT (gained 1)
Found a club.
A bat comes into view.
Found a stone staircase leading down.
Casting: Necrotise (safe; 2% risk of failure)
Confirm with . or Enter, or press ? or * to list all spells.
Aiming: Necrotise (safe; 2% risk of failure)
Press: ? - help, Shift-Dir - straight line, f - bat
Aim: a bat (asleep, chance to affect: 88%)
The bat writhes in agony.
Casting: Necrotise (safe; 2% risk of failure)
Confirm with . or Enter, or press ? or * to list all spells.
Aiming: Necrotise (safe; 2% risk of failure)
Press: ? - help, Shift-Dir - straight line, f/p - bat
Aim: a bat (moderately wounded, chance to affect: 88%)
The bat writhes in agony.
You kill the bat!
The dead are flying!
Your bat skeleton crumbles into dust!
A frilled lizard comes into view.
The frilled lizard hisses angrily.
Casting: Necrotise (safe; 2% risk of failure)
Confirm with . or Enter, or press ? or * to list all spells.
Aiming: Necrotise (safe; 2% risk of failure)
Press: ? - help, Shift-Dir - straight line, f - frilled lizard
Aim: a frilled lizard (chance to affect: 89%)
The frilled lizard barely resists.
Casting: Necrotise (safe; 2% risk of failure)
Confirm with . or Enter, or press ? or * to list all spells.
Aiming: Necrotise (safe; 2% risk of failure)
Press: ? - help, Shift-Dir - straight line, f/p - frilled lizard
Aim: a frilled lizard (chance to affect: 89%)
The frilled lizard writhes in agony.
You kill the frilled lizard!
The dead are walking!
Save game and exit?
Welcome back, Petya the Human Necromancer.
Press ? for a list of commands and other information.
Are you sure you want to abandon this character and quit the game? (Confirm with "yes".)

..)..###.> .#....
.....#....###.#....
...................
.....#.........)..
................##
.....#........... #.####
#......#.### #..#
####...#...####.#
##.#####........@.Z....#
#.......####...#..###...
######### ###.##..#
#...#..# ###......
###.... #.... ....


You could see a friendly frilled lizard skeleton.

Vanquished Creatures
  An adder (D:2)
  2 ball pythons
  5 bats
  4 endoplasms (D:1)
  3 giant cockroaches
  7 hobgoblins
  2 quokkas (D:1)
  8 frilled lizards
  3 goblins
  2 kobolds (D:1)
  3 rats (D:1)
40 creatures vanquished.

Vanquished Creatures (collateral kills)
  A kobold (D:1)
  A goblin (D:2)
2 creatures vanquished.

Vanquished Creatures (others)
  A plant (D:1)
1 creature vanquished.

Grand Total: 43 creatures vanquished

Notes
Turn   | Place    | Note
-------+----------+-------------------------------------------
     0 | D:1      | Petya the Human Necromancer began the quest for the Orb.
     0 | D:1      | Reached XP level 1. HP: 13/13 MP: 3/3
   181 | D:1      | Reached XP level 2. HP: 12/19 MP: 0/5
   851 | D:1      | Reached XP level 3. HP: 16/24 MP: 0/6
   855 | D:1      | Learned a level 3 spell: Vampiric Draining
  1116 | D:1      | Found a faded altar of an unknown god.
  1740 | D:2      | Reached XP level 4. HP: 28/30 MP: 1/7
  1849 | D:2      | Reached skill level 5 in Necromancy
  1957 | D:2      | Quit the game

Illustrated notes

Levels and vault maps discovered:
D:1:      dpeg_arrival_round_c, layout_loops_corners,
          shapermc_ecumenical_altar_ellora, minmay_pentomino_w4
D:2:      layout_rooms, serial_bayou_pond_d, uniq_natasha

Skill      XL: |  1  2  3  4 |
---------------+-------------+-----
Necromancy     | 5 |  5.0
Dodging        | |  2.2
Stealth        | |  2.2
Spellcasting   | |  2.2

Action                   |  1- 3 |  4- 6 || total
-------------------------+-------+-------++-------
Melee: Dagger            |    28 |       ||    28
 Cast: Necrotise         |    54 |     9 ||    63
       Vampiric Draining |     1 |       ||     1
Armor: Robe              |     9 |       ||     9
Dodge: Dodged            |    24 |     1 ||    25

Table legend: (Time is in decaauts)
 A = Elapsed time spent in this place.
 B = Non-inter-level travel time spent in this place.
 C = Inter-level travel time spent in this place.
 D = Time resting spent in this place.
 E = Time spent auto-exploring this place.
 F = Levels seen in this place.
 G = Mean time per level.
                   A        B        C        D        E       F      G
               +--------+--------+--------+--------+--------+-----+--------+
         Total |   1956 |   1914 |     42 |      0 |   1662 |   2 |  978.0 |
       Dungeon |   1956 |   1914 |     42 |      0 |   1662 |   2 |  978.0 |
               +--------+--------+--------+--------+--------+-----+--------+

Top non-repeatable levels by time:
     D:1: 1633 daAuts
     D:2: 322 daAuts
